 Dungeon Crawl Stone Soup version 0.20.0-10-g0535bb4 (console) character file.

1870 krone the Sneak (level 9, -1/51 HPs)
             Began as a Halfling Enchanter on June 6, 2017.
             Was a Follower of Okawaru.
             Slain by a wyvern zombie (12 damage)
             ... on level 6 of the Dungeon.
             The game lasted 00:41:25 (5971 turns).

krone the Sneak (Halfling Enchanter)                Turns: 5971, Time: 00:41:26

Health: -1/51      AC:  4    Str: 14    XL:     9   Next: 35%
Magic:  1/11       EV: 19    Int: 16    God:    Okawaru [*.....]
Gold:   284        SH:  0    Dex: 15    Spells: 2/11 levels left

rFire    . . .     SeeInvis .   a - +0 rapier
rCold    . . .     Gourm    .   (shield restricted)
rNeg     . . .     Faith    .   L - +2 robe {MR+}
rPois    .         Spirit   .   (no helmet)
rElec    .         Reflect  .   (no cloak)
rCorr    .         Harm     .   (no gloves)
MR       +....                  (no boots)
Stlth    +++++.....             (no amulet)
Regen    0.2/turn               f - +1 ring of slaying
MPRegen  0.2/turn               y - ring of flight

@: mighty, heroism
A: mutation resistance 1
a: Heroism, Renounce Religion, Evoke Flight


You were on level 6 of the Dungeon.
You worshipped Okawaru.
Okawaru was aware of your devotion.
You were hungry.

You visited 1 branch of the dungeon, and saw 8 of its levels.

You collected 284 gold pieces.

Inventory:

Hand Weapons
 a - a +0 rapier (weapon)
 b - a +2 blowgun
Missiles
 i - 4 silver tomahawks
 l - 139 stones (quivered)
 q - 4 tomahawks
 z - 45 sling bullets
 I - a poisoned needle
Armour
 A - a +4 scale mail of cold resistance
 H - the +5 ring mail "Jeusoubo" {rC- rN+ Str+2 Stlth+}
   (You found it on level 8 of the Dungeon)

   It affects your strength (+2).
   It makes you vulnerable to cold.
   It protects you from negative energy.
   It makes you more stealthy.
 J - the +3 buckler of Slovenliness {-Tele rElec rF+ rC+}
   (You took it off an orc on level 8 of the Dungeon)

   It protects you from fire.
   It protects you from cold.
   It insulates you from electricity.
   It prevents most forms of teleportation.
 L - a +2 robe of magic resistance (worn)
Jewellery
 f - a +1 ring of slaying (left hand)
 y - a ring of flight (right hand)
Wands
 o - a wand of acid (9/15)
Scrolls
 g - 2 scrolls of remove curse
 j - a scroll of teleportation
 n - 2 scrolls of blinking {unknown}
 r - a scroll of immolation
 v - 2 scrolls of noise {unknown}
 C - a scroll of enchant armour {unknown}
 E - a scroll of recharging
 F - a scroll of amnesia {unknown}
Potions
 e - a potion of agility {unknown}
 h - a potion of invisibility {unknown}
 m - a potion of haste {unknown}
 p - 2 potions of resistance {unknown}
 t - 2 potions of flight {unknown}
 w - a potion of heal wounds
 x - 3 potions of might
 B - a potion of ambrosia {unknown}
 D - 2 potions of mutation
Books
 c - a book of Maledictions

   Spells                             Type                      Level
   a - Corona                         Hexes                        1
   b - Ensorcelled Hibernation        Hexes/Ice                    2
   c - Confuse                        Hexes                        3
   d - Tukima's Dance                 Hexes                        3
   e - Dazzling Spray                 Conjuration/Hexes            3
Comestibles
 d - 6 bread rations
 k - 4 royal jellies
 u - 3 meat rations


   Skills:
 + Level 6.1(11.1) Short Blades
 + Level 4.6(9.6) Throwing
 - Level 2.1(7.1) Dodging
 + Level 7.4(12.4) Stealth
 - Level 1.5 Spellcasting
 + Level 5.7 Hexes
 + Level 3.4 Evocations


You had 2 spell levels left.
You knew the following spells:

 Your Spells              Type           Power        Failure   Level  Hunger
a - Corona                Hex            ###....      1%          1    ##.....
b - Ensorcelled Hibernat  Hex/Ice        ##....       10%         2    ###....
c - Confuse               Hex            ###.....     6%          3    ####...
d - Tukima's Dance        Hex            ###.....     6%          3    ####...


Dungeon Overview and Level Annotations

Branches:
Dungeon (8/15)
 Temple: D:4-7         Lair: D:8-11

Altars:
Cheibriados
Okawaru
Uskayaw
The Shining One

Shops:
D:5 %


Innate Abilities, Weirdness & Mutations

You are small and have problems with some larger weapons.
You are somewhat resistant to further mutation.


Message History

The wyvern zombie closely misses you.
You hit the wyvern zombie but do no damage.
The wyvern zombie is moderately damaged.
The wyvern zombie bites you.
Evoke which item? (* to show all) (? for menu, Esc to quit)
Okay, then.
Okay, then.
Unknown command.
You feel very mighty all of a sudden. The wyvern zombie bites you.
You puncture the wyvern zombie!
The wyvern zombie is heavily damaged.
The wyvern zombie bites you!
* * * LOW HITPOINT WARNING * * *
Okay, then.
Unknown command.
You puncture the wyvern zombie!
The wyvern zombie is severely damaged.
The wyvern zombie bites you!
You die...

## ###g
#.........[#
.#
#..>.[.....#
#
#..........#
#..........#
#...(......#
.....
#####.######
..... #.#
..... #Z#
..... #@#
..... #.#
.... ...
##%. #####


You could see a wyvern zombie.

Vanquished Creatures
  2 orc warriors (D:8)
  An ice beast (D:5)
  3 ogres
  3 bullfrogs
  2 scorpions
  4 killer bees
  A wight (D:8)
  2 electric eels (D:8)
  A crimson imp (D:8)
  A quasit (D:6)
  A jelly (D:8)
  A hound (D:5)
  4 orc priests
  A bullfrog skeleton (D:8)
  Terence (D:2)
  Natasha (thrice) (D:2)
  An orc wizard (D:4)
  5 worker ants
  A hound skeleton (D:4)
  8 adders
  A shadow imp (D:5)
  An ooze (D:1)
  5 worms
  3 dart slugs
  2 leopard geckos
  25 orcs
  A ball python (D:3)
  10 bats
  8 giant cockroaches
  9 hobgoblins
  5 jackals
  13 kobolds
  4 quokkas
  6 frilled lizards
  6 goblins
  A quokka zombie (D:8)
  5 rats
151 creatures vanquished.

Vanquished Creatures (others)
  A plant (D:2)
1 creature vanquished.

Grand Total: 152 creatures vanquished

Notes
Turn   | Place    | Note
-------+----------+-------------------------------------------
     0 | D:1      | krone the Halfling Enchanter began the quest for the Orb.
     0 | D:1      | Reached XP level 1. HP: 11/11 MP: 3/3
   245 | D:1      | Reached XP level 2. HP: 14/17 MP: 0/4
   614 | D:1      | Reached XP level 3. HP: 20/21 MP: 5/5
   732 | D:1      | Learned a level 2 spell: Ensorcelled Hibernation
  1228 | D:2      | Reached XP level 4. HP: 23/27 MP: 4/6
  1368 | D:2      | Noticed Terence
  1451 | D:3      | Reached skill level 4 in Stealth
  1953 | D:3      | Reached XP level 5. HP: 24/31 MP: 5/7
  2013 | D:3      | Found a hide-covered altar of Uskayaw.
  2184 | D:2      | Noticed Natasha
  2212 | D:2      | Killed Natasha
  2303 | D:2      | Killed Terence
  2332 | D:2      | Noticed Natasha
  2349 | D:2      | Killed Natasha
  2349 | D:2      | Reached skill level 1 in Throwing
  2349 | D:2      | Reached XP level 6. HP: 15/36 MP: 3/8
  2463 | D:2      | Noticed Natasha
  2471 | D:2      | Killed Natasha
  2931 | D:4      | Learned a level 3 spell: Confuse
  2955 | D:4      | Reached skill level 5 in Stealth
  3030 | D:4      | Reached XP level 7. HP: 41/41 MP: 6/9
  3413 | D:5      | Entered Level 5 of the Dungeon
  3536 | D:5      | Found Ratoc's Food Emporium.
  3972 | D:5      | Reached XP level 8. HP: 35/46 MP: 7/10
  4205 | D:5      | Reached skill level 6 in Stealth
  4205 | D:5      | Reached skill level 5 in Hexes
  4314 | D:5      | Found a glowing golden altar of the Shining One.
  4488 | D:6      | Found an iron altar of Okawaru.
  4498 | D:6      | Became a worshipper of Warmaster Okawaru
  4632 | D:6      | Reached skill level 5 in Short Blades
  4677 | D:6      | Reached skill level 1 in Evocations
  4895 | D:8      | Reached * piety under Okawaru
  5090 | D:8      | Reached XP level 9. HP: 50/51 MP: 5/11
  5222 | D:8      | Reached skill level 7 in Stealth
  5227 | D:8      | Learned a level 3 spell: Tukima's Dance
  5247 | D:8      | Got a transparent ring mail
  5259 | D:8      | Identified the +5 ring mail "Jeusoubo" {rC- rN+ Str+2 Stlth+} (You found it on level 8 of the Dungeon)
  5314 | D:8      | Found a snail-covered altar of Cheibriados.
  5575 | D:8      | Got a spiked buckler
  5581 | D:8      | Identified the +3 buckler of Slovenliness {-Tele rElec rF+ rC+} (You took it off an orc on level 8 of the Dungeon)
  5971 | D:6      | Slain by a wyvern zombie

Skill      XL: |  1  2  3  4  5  6  7  8  9 |
---------------+----------------------------+-----
Hexes          | 3 4 5 |  5.7
Short Blades   | 2 3 4 5 6 |  6.1
Stealth        | 4 5 6 7 |  7.4
Throwing       | 1 2 4 |  4.6
Evocations     | 2 3 |  3.4
Dodging        | |  2.1
Spellcasting   | |  1.5

Action                   |  1- 3 |  4- 6 |  7- 9 || total
-------------------------+-------+-------+-------++-------
Melee: Dagger            |   122 |    40 |       ||   162
       Quarterstaff      |       |    23 |       ||    23
       Rapier            |       |    49 |   195 ||   244
       Blowgun           |       |       |     2 ||     2
 Fire: Blowgun           |       |    14 |    23 ||    37
Throw: Stone             |    14 |     1 |     1 ||    16
 Cast: Corona            |    35 |    26 |    14 ||    75
       Ensorcelled Hiber |     8 |    16 |    28 ||    52
       Confuse           |       |       |    15 ||    15
Invok: Heroism           |       |       |     4 ||     4
Evoke: Wand              |       |       |     6 ||     6
  Use: Scroll            |       |     9 |     2 ||    11
       Potion            |       |       |     6 ||     6
 Stab: Sleeping          |     7 |    14 |    27 ||    48
       Confused          |       |       |     6 ||     6
  Eat: Chunk             |     1 |     9 |    10 ||    20
       Fruit             |       |     1 |     5 ||     6
Armor: Robe              |    14 |    10 |    17 ||    41
Dodge: Dodged            |    91 |    85 |   138 ||   314
